Map: Lightshade LE

Players

MarcoMan

  • Race: Protoss Protoss
  • League: Master
  • Spawn Location: 11:00

spyderslayer - Winner!

  • Race: Zerg Zerg
  • League: Master
  • Spawn Location: 5:00

VOD

Have the link to the VOD?

Description

Time

  • Played on: Jan. 18, 2021, 1:20 p.m.
  • Length: 10:11
Show
View Real Time Build Order
Export as new Build Order

MarcoMan Protoss 

Build Orders: 1 Gate Expand, Oracle Opening 

Get SALT Encoding   

  12  0:00  Probe  
  13  0:12  Probe  
  14  0:20  Pylon  
  14  0:25  Probe  
  15  0:38  Probe (Chrono Boost)  
  15  0:41  Gateway  
  17  0:50  Assimilator, Probe (Chrono Boost)  
  17  0:55  Probe (Chrono Boost)  
  18  1:06  Probe  
  19  1:18  Probe  
  20  1:26  Nexus  
  20  1:37  Cybernetics Core  
  20  1:40  Probe  
  20  1:45  Assimilator  
  21  1:52  Probe  
  22  1:54  Pylon  
  22  2:04  Probe  
  23  2:10  Adept (Chrono Boost)  
  25  2:16  Probe  
  26  2:28  Probe  
  27  2:31  Adept (Chrono Boost)  
  29  2:40  Probe  
  29  2:43  Probe  
  31  2:48  Stargate  
  31  2:52  Probe  
  31  2:55  Warp Gate, Probe  
  35  3:10  Gateway  
  34  3:21  Probe x2  
  33  3:31  Oracle (Chrono Boost)  
  33  3:32  Adept  
  33  3:33  Probe x2  
  35  3:35  Pylon  
  38  3:52  Pylon  
  38  3:53  Probe (Chrono Boost)  
  40  3:55  Void Ray  
  40  3:56  Probe (Chrono Boost)  
  44  4:05  Probe (Chrono Boost)  
  44  4:09  Probe (Chrono Boost)  
  46  4:10  Probe (Chrono Boost)  
  47  4:17  Probe  
  47  4:22  Nexus  
  48  4:29  Probe x2  
  50  4:33  Void Ray  
  50  4:36  Pylon  
  54  4:45  Stargate  
  54  4:54  Probe x2  
  54  4:56  Twilight Council  
  54  4:58  Forge  
  56  5:01  Assimilator  
  56  5:03  Assimilator  
  56  5:07  Probe  
  57  5:10  Probe  
  58  5:19  Probe  
  59  5:22  Probe  
  60  5:31  Probe  
  60  5:35  Probe  
  62  5:36  Probe  
  62  5:37  Void Ray  
  63  5:43  Probe  
  63  5:47  Void Ray, Probe  
  63  5:48  Probe  
  70  5:52  Photon Cannon  
  70  5:55  Probe  
  75  5:59  Probe  
  75  6:00  Pylon, Probe  
  75  6:02  Shield Battery, Pylon  
  77  6:08  Templar Archives  
  77  6:16  Pylon, Void Ray  
  77  6:17  Probe  
  77  6:19  Probe x2  
  82  6:27  Adept x2  
  82  6:29  Probe  
  87  6:33  Probe  
  87  6:34  Psionic Storm  
  87  6:39  Probe  
  88  6:41  Probe  
  88  6:44  Photon Cannon  
  88  6:45  Probe  
  86  6:48  Assimilator  
  86  6:51  Probe  
  87  6:56  Probe  
  87  6:57  Void Ray  
  87  6:58  Photon Cannon  
  87  6:59  Pylon  
  88  7:04  Assimilator  
  88  7:05  Probe  
  88  7:06  Void Ray  
  93  7:09  Probe, Photon Cannon  
  93  7:10  Shield Battery  
  93  7:15  Probe  
  99  7:19  Pylon  
  99  7:26  Fleet Beacon  
  99  7:45  High Templar x2  
  103  7:54  Gateway  
  103  7:56  Gateway  
  95  8:01  Photon Cannon  
  95  8:04  Photon Cannon  
  95  8:06  Photon Cannon  
  95  8:07  Shield Battery, Photon Cannon  
  95  8:09  Shield Battery  
  95  8:11  Shield Battery, Pylon  
  95  8:12  Pylon x2, Void Ray x2 (Chrono Boost)  
  103  8:22  Probe  
  104  8:29  Stargate  
  104  8:31  Pylon  
  104  8:39  High Templar x2  
  95  9:12  Zealot x3  
  99  9:19  Void Ray (Chrono Boost)  
  99  9:20  Void Ray (Chrono Boost)  
  98  9:39  Zealot x3  
Show
View Real Time Build Order
Export as new Build Order

spyderslayer Zerg - Winner!

Build Orders: Hatch First 

Get SALT Encoding   

  12  0:00  Drone  
  13  0:13  Overlord  
  13  0:17  Drone  
  14  0:32  Drone x2  
  14  0:35  Drone  
  17  0:53  Hatchery  
  16  1:07  Drone  
  16  1:10  Extractor  
  16  1:13  Spawning Pool  
  16  1:16  Drone x2  
  17  1:21  Drone  
  18  1:29  Drone  
  19  1:43  Overlord  
  19  2:00  Queen  
  21  2:02  Zergling x2  
  21  2:03  Zergling x2  
  21  2:04  Queen  
  21  2:05  Zergling x2  
  26  2:12  Drone  
  26  2:13  Metabolic Boost  
  27  2:16  Drone  
  28  2:31  Overlord  
  28  2:33  Drone  
  28  2:35  Drone  
  28  2:36  Queen  
  32  2:54  Overlord, Drone  
  32  2:55  Drone  
  34  3:05  Drone  
  34  3:06  Drone x2  
  37  3:13  Hatchery  
  35  3:25  Drone x3  
  35  3:26  Drone x3  
  40  3:33  Drone  
  40  3:42  Drone x2  
  42  3:53  Drone x2  
  44  3:59  Drone  
  44  4:00  Extractor  
  44  4:01  Extractor  
  43  4:03  Spore Crawler  
  43  4:04  Spore Crawler  
  43  4:05  Drone  
  43  4:06  Drone x3  
  43  4:07  Drone  
  43  4:08  Drone x2  
  48  4:19  Spore Crawler  
  47  4:24  Overlord x2  
  47  4:25  Drone x2  
  49  4:34  Queen  
  49  4:36  Drone  
  49  4:37  Drone x7  
  57  4:39  Lair  
  57  4:41  Baneling Nest  
  56  5:00  Drone  
  56  5:01  Spore Crawler, Drone x7  
  63  5:14  Hatchery  
  63  5:21  Zergling x8  
  64  5:23  Overlord x2  
  67  5:31  Extractor  
  66  5:42  Centrifical Hooks  
  66  5:44  Hydralisk Den, Drone x3  
  66  5:45  Drone x4  
  66  5:46  Drone x2  
  66  5:49  Extractor  
  73  5:53  Zergling x6  
  73  5:56  Overlord  
  73  5:57  Overlord  
  76  5:59  Hatchery  
  76  6:01  Extractor  
  76  6:02  Drone x3  
  77  6:06  Drone x5  
  81  6:22  Overlord x3  
  81  6:28  Hydralisk x8  
  95  6:40  Spore Crawler  
  95  6:44  Queen x2  
  98  6:58  Grooved Spines  
  98  7:01  Extractor  
  98  7:02  Drone  
  98  7:03  Drone x3  
  98  7:04  Drone x6  
  98  7:05  Overlord  
  107  7:16  Overlord x6  
  107  7:31  Extractor  
  107  7:32  Drone x3  
  107  7:36  Hydralisk x6  
  111  7:42  Spore Crawler, Drone  
  121  7:54  Hydralisk x10  
  139  8:04  Baneling x12  
  139  8:06  Hydralisk  
  139  8:07  Hydralisk x2  
  139  8:09  Muscular Augments  
  139  8:10  Drone x4  
  149  8:12  Hydralisk  
  149  8:13  Hydralisk x5  
  161  8:22  Hydralisk x2  
  161  8:23  Hydralisk  
  167  8:37  Hydralisk x8  
  167  8:39  Overlord x3  
  179  9:06  Hydralisk x10  
  181  9:26  Hydralisk x6  
  181  9:27  Zergling x8  
  189  9:36  Hydralisk  
  179  9:54  Infestation Pit  
  179  9:56  Lurker Den  
Tags
 
Add a new tag
Caveats
  • Supply blocks, unpowered buildings, or Contaminate may cause inaccurate times.
  • Supply counts are checked every 10 seconds.